 Dungeon Crawl Stone Soup version 0.21-a0-43-g1479571 (webtiles) character file.

57 Duffy the Magician (level 3, 0/24 HPs)
             Began as a Demonspawn Wizard on June 6, 2017.
             Slain by a gnoll
             ... wielding a +0 flail
              (5 damage)
             ... on level 2 of the Dungeon.
             The game lasted 00:01:26 (1212 turns).

Duffy the Magician (Demonspawn Wizard)              Turns: 1212, Time: 00:01:27

Health: 0/24       AC:  2    Str:  7    XL:     3   Next: 73%
Magic:  1/8        EV: 12    Int: 20    God:
Gold:   90         SH:  0    Dex: 11    Spells: 8/9 levels left

rFire    . . .     SeeInvis .   i - +0 dagger
rCold    + . .     Gourm    .   (no shield)
rNeg     . . .     Faith    .   a - +0 robe
rPois    .         Spirit   .   b - +0 hat
rElec    .         Reflect  .   (no cloak)
rCorr    .         Harm     .   (no gloves)
MR       .....                  (no boots)
Stlth    ++........             (no amulet)
Regen    0.1/turn               (no ring)
MPRegen  0.2/turn               (no ring)

@: no status effects
A: claws 1, cold resistance 1
a: no special abilities


You were on level 2 of the Dungeon.
You were not hungry.

You visited 1 branch of the dungeon, and saw 2 of its levels.

You collected 90 gold pieces.

Inventory:

Hand Weapons
 i - a +0 dagger (weapon)
Armour
 a - a +0 robe (worn)
 b - a +0 hat (worn)
Wands
 s - a wand of disintegration (0/24)
Scrolls
 e - 2 scrolls of magic mapping {unknown}
 h - a scroll of recharging {unknown}
 j - 4 scrolls of identify {unknown}
 k - 2 scrolls of immolation {unknown}
 m - a scroll of fog {unknown}
 p - a scroll of blinking {unknown}
Potions
 l - a potion of mutation {unknown}
 n - a potion of curing {unknown}
 o - a potion of magic {unknown}
 r - a potion of degeneration {unknown}
Books
 c - a book of Minor Magic

   Spells                             Type                      Level
   a - Magic Dart                     Conjuration                  1
   b - Blink                          Translocation                2
   c - Call Imp                       Summoning                    2
   d - Slow                           Hexes                        2
   e - Conjure Flame                  Conjuration/Fire             3
   f - Mephitic Cloud                 Conjuration/Poison/Air       3
Comestibles
 d - 3 bread rations
 f - 9 fruits
 g - a meat ration
 q - 3 chunks of flesh


   Skills:
 - Level 1.7 Dodging
 - Level 1.7 Stealth
 + Level 3.6 Spellcasting
 * Level 2.9 Conjurations
   Level 1.0 Summonings
   Level 0.8 Translocations


You had 8 spell levels left.
You knew the following spells:

 Your Spells              Type           Power        Failure   Level  Hunger
a - Magic Dart            Conj           ###.         4%          1    None


Dungeon Overview and Level Annotations

Branches:
Dungeon (2/15)

Altars:


Innate Abilities, Weirdness & Mutations

You have sharp fingernails.
Your flesh is cold resistant. (rC+)


Message History

Nothing appears to happen.
Evoke which item? (* to show all) (? for menu, Esc to quit)
This wand has no charges.
Unknown command.
Casting: Magic Dart
Confirm with . or Enter, or press ? or * to list all spells.
Aiming: Magic Dart
Press: ? - help, Shift-Dir - straight line, f/p - gnoll
Aim: a gnoll, wielding a flail The magic dart hits the gnoll.
The gnoll is lightly wounded.
Casting: Magic Dart
Confirm with . or Enter, or press ? or * to list all spells.
Aiming: Magic Dart
Press: ? - help, Shift-Dir - straight line, f/p - gnoll
Aim: a gnoll, wielding a flail (lightly wounded)
The magic dart hits the gnoll.
The gnoll is moderately wounded.
The gnoll hits you with a flail.
You die...

.###.<#.#
#<#.##......#..##......
#. ..#
#.#.##.####.....)......
#. ###
#..................####
######.#######.....#
#.# #.##### #.# #.# #.#
#.# #.#######.######.#
#@#.%.............
#g#.#####..#####.#
#g#.# ##.# .# #)#.# #.#
... #)#.# #.# #.#.
#)#.# #.# .....##.#.#
#.# #.#.....#.. #..
....###.###.##.#


You could see a gnoll and a hobgoblin.

Vanquished Creatures
  3 gnolls (D:2)
  A dart slug (D:2)
  3 leopard geckos
  A ball python (D:2)
  3 bats (D:1)
  A giant cockroach (D:2)
  4 hobgoblins
  A kobold (D:2)
  3 frilled lizards (D:1)
  4 rats
24 creatures vanquished.

Notes
Turn   | Place    | Note
-------+----------+-------------------------------------------
     0 | D:1      | Duffy the Demonspawn Wizard began the quest for the Orb.
     0 | D:1      | Reached XP level 1. HP: 13/13 MP: 4/4
   338 | D:1      | Gained mutation: Your flesh is cold resistant. (rC+) [demonic ancestry]
   338 | D:1      | Reached XP level 2. HP: 19/19 MP: 4/6
  1203 | D:2      | Gained mutation: You have sharp fingernails. [demonic ancestry]
  1203 | D:2      | Reached XP level 3. HP: 4/24 MP: 2/7
  1212 | D:2      | Slain by a gnoll

Vault maps used:
D:1:      dpeg_arrival_rooms_a, roderic_three_in_a_row, serial_bayou_lake_a
D:2:      serial_glass, glass_columns_a, glass_columns_c, first_bread

Skill      XL: |  1  2 |
---------------+-------+-----
Conjurations   | 2 |  2.9
Dodging        | |  1.7
Stealth        | |  1.7
Spellcasting   | |  3.6
Summonings     | |  1.0
Translocations | |  0.8

Action                   || total
-------------------------++-------
 Cast: Magic Dart        ||    55
Evoke: Wand              ||     5
  Eat: Chunk             ||     1
Armor: Robe              ||     1
Dodge: Dodged            ||     3
